 Dungeon Crawl Stone Soup version 0.28-a0-1510-gd0f6b136d3 (webtiles) character file.

Game seed: 15845757294434195320

448 bande the Chopper (level 7, -2/44 HPs)
             Began as a Gargoyle Fighter on Jan 14, 2022.
             Slain by Edmund (8 damage)
             ... on level 4 of the Dungeon on Jan 15, 2022.
             The game lasted 00:06:37 (3901 turns).

bande the Chopper (Gargoyle Fighter)                Turns: 3901, Time: 00:06:37

Health: -2/44      AC: 15    Str: 20    XL:     7   Next: 3%
Magic:  7/7        EV:  8    Int:  8    God:
Gold:   142        SH:  5    Dex: 11    Spells: 6/6 levels left

rFire   . . .      SeeInvis +   a - +1 war axe
rCold   . . .      Faith    .   c - +1 buckler
rNeg    + . .      Spirit   .   i - +0 chain mail rPois โˆž Reflect .
                                (no helmet)
rElec   +          Harm     .   (no cloak)
rCorr   +          Rampage  .   k - +0 pair of gloves "Saomiann" {rPois SInv}
Will    .....                   (no boots)
Stlth   ..........              (no amulet)
HPRegen 0.14/turn               e - ring of resist corrosion
MPRegen 0.10/turn               (no ring)

@: mighty
A: sickness immunity, AC +4, negative energy resistance 1, electricity
resistance, torment resistance 1, petrification resistance, sense surroundings
1, sturdy frame 1, noise suppression
a: no special abilities


You were on level 4 of the Dungeon.
You visited 1 branch of the dungeon, and saw 4 of its levels.

You collected 142 gold pieces.

Inventory:

Hand Weapons
 a - a +1 war axe (weapon)
 g - a +0 flail
Armour
 c - a +1 buckler (worn)
 i - a +0 chain mail (worn)
 k - the +0 pair of gloves "Saomiann" (worn) {rPois SInv}
   (You found it on level 3 of the Dungeon)

   rPois:     It protects you from poison.
   SInv:      It lets you see invisible.
Jewellery
 b - a ring of ice
 e - a ring of resist corrosion (left hand)
Wands
 l - a wand of polymorph (8)
Scrolls
 q - a scroll of enchant armour
Potions
 f - 2 potions of haste
 j - a potion of invisibility {unknown}
 m - a potion of flight {unknown}
 n - 2 potions of berserk rage {unknown}
 o - a potion of attraction {unknown}


   Skills:
 + Level 4.4 Fighting
 + Level 5.0 Axes
 + Level 4.6 Armour
 + Level 4.0 Shields
 * Level 1.0 Evocations


You had 6 spell levels left.
You didn't know any spells.
Your spell library was empty.

Dungeon Overview and Level Annotations

Branches:
Dungeon (4/15)
 Temple: D:4-7

Altars:
Ashenzari
Fedhas
Gozag
Yredelemnul

Annotations:
D:4 2 transporters, Edmund; math4jedi's ghost, amateur HOFi


Innate Abilities, Weirdness & Mutations

You are immune to sickness and miasma.
Your stone body is resilient. (AC +4)
You are immune to poison.
You resist negative energy. (rN+)
You are resistant to electric shocks. (rElec)
You are resistant to unholy torment.
You are immune to petrification.
You passively map a small area around you.
Your movements are slightly less encumbered by armour. (ER -2)
You passively dampen the noise of your surroundings.


Message History

Edmund is moderately wounded.
Edmund barely misses you.
You hit Edmund but do no damage.
Edmund is moderately wounded.
Edmund hits you but does no damage.
You closely miss Edmund.
Edmund is moderately wounded.
Edmund hits you but does no damage. x2
You hit Edmund.
Edmund is moderately wounded.
Edmund barely misses you.
You barely miss Edmund.
Edmund is moderately wounded.
You block Edmund's attack.
You slash Edmund!
Edmund is heavily wounded.
Edmund hits you with a +0 vorpal dire flail.
You closely miss Edmund.
Edmund is heavily wounded.
Edmund hits you with a +0 vorpal dire flail.
* * * LOW HITPOINT WARNING * * *
x2 Edmund hits you with a +0 vorpal dire flail.
* * * LOW HITPOINT WARNING * * *
x2 You feel better.
Edmund hits you with a +0 vorpal dire flail.
* * * LOW HITPOINT WARNING * * *
x2 You feel very mighty all of a sudden.
Edmund closely misses you.
You closely miss Edmund.
Edmund is heavily wounded.
You block Edmund's attack.
You hit Edmund.
Edmund is severely wounded.
Edmund barely misses you.
You barely miss Edmund.
Edmund is severely wounded.
Edmund hits you with a +0 vorpal dire flail.
* * * LOW HITPOINT WARNING * * *
x2 Edmund hits you with a +0 vorpal dire flail!
You die...

...#..)....... #.. ..#
.#..............
#..##.##...........#....
#...................###.
#...................# #.
#...................###. *
#.....[...............#. ,'####
#............>....###... ...#...#
#...)..@.........#####.# ...#._.#
#..#####@.#.............
...#...###..#* .,.## ............
...#ยงโ‰ˆโ‰ˆ#.#..##..###
......##.... ...#...#.......#
##............
...#._.#.#...#######.............
...#...#........#..............(.
...####'......#..................
................#.........##.....


You could see Edmund.

Vanquished Creatures
  A sky beast (D:4)
  A howler monkey (D:3)
  2 orc priests
  An iguana (D:4)
  3 orc wizards
  A hound zombie (D:3)
  A howler monkey zombie (D:3)
  A gnoll (D:1)
  2 adders
  A dart slug (D:3)
  18 orcs
  5 ball pythons
  4 endoplasms
  3 giant cockroaches
  8 goblins
  6 hobgoblins
  3 jackals (D:1)
  4 quokkas
  3 bats
  2 frilled lizards (D:2)
  8 kobolds
  6 rats
84 creatures vanquished.

Notes
Turn   | Place    | Note
-------+----------+-------------------------------------------
     0 | D:1      | bande the Gargoyle Fighter began the quest for the Orb.
     0 | D:1      | Reached XP level 1. HP: 14/14 MP: 1/1
    30 | D:1      | Reached skill level 2 in Axes
    30 | D:1      | Reached XP level 2. HP: 19/19 MP: 2/2
    54 | D:1      | Found a faded altar of an unknown god.
   414 | D:1      | Reached XP level 3. HP: 20/23 MP: 3/3
  1077 | D:2      | Gained mutation: You passively dampen the noise of your
                  | surroundings. [potion of mutation]
  1077 | D:2      | Gained mutation: Your movements are slightly less
                  | encumbered by armour. (ER -2) [potion of mutation]
  1077 | D:2      | Gained mutation: You passively map a small area around you.
                  | [potion of mutation]
  1369 | D:2      | Reached XP level 4. HP: 29/29 MP: 4/4
  1637 | D:3      | Reached skill level 3 in Axes
  1967 | D:3      | Reached XP level 5. HP: 33/33 MP: 5/5
  2045 | D:3      | Identified the +0 pair of gloves "Saomiann" {rPois SInv}
  2632 | D:3      | Found a basalt altar of Yredelemnul.
  2811 | D:3      | Reached skill level 4 in Axes
  2811 | D:3      | Reached XP level 6. HP: 26/38 MP: 6/6
  3131 | D:3      | Found an opulent altar of Gozag.
  3739 | D:4      | Noticed a sky beast
  3752 | D:4      | Killed a sky beast
  3770 | D:4      | Found a transporter.
  3770 | D:4      | Noticed math4jedi's ghost (amateur HOFi)
  3776 | D:4      | Found a transporter.
  3776 | D:4      | Found a broken altar of Ashenzari.
  3814 | D:4      | Reached skill level 5 in Axes
  3814 | D:4      | Reached skill level 1 in Evocations
  3814 | D:4      | Reached XP level 7. HP: 39/44 MP: 7/7
  3865 | D:4      | Found a blossoming altar of Fedhas.
  3881 | D:4      | Noticed Edmund
  3901 | D:4      | Slain by Edmund

Illustrated notes

Levels and vault maps discovered:
D:1:      ncdulo_lavacross, layout_basic,
          hellmonk_ecumenical_altar_inner_sanctum,
          nicolae_concentric_dashed_squares_wild, hangedman_abyss_or_decor_stabs
D:2:      layout_rooms
D:3:      wad_crossroads, layout_basic, mainiacjoe_overflow_alcove_4,
          lemuel_zombie_altar_yredelemnul,
          nicolae_concentric_dashed_squares_mild
D:4:      layout_rooms, mainiacjoe_overflow_divided_tiny, gammafunk_ghost_smash,
          amcnicky_mini_rare_corridor_liquid, minmay_misc_feat_pillars,
          chequers_serial_rivers_small_a, uniq_edmund

Skill      XL: |  1  2  3  4  5  6 |
---------------+-------------------+-----
Axes           | 2 3 4 5 |  5.0
Armour         | 4 |  4.6
Fighting       | 4 |  4.4
Shields        | 4 |  4.0
Evocations     | 1 |  1.0

Action                   |  1- 3 |  4- 6 |  7- 9 || total
-------------------------+-------+-------+-------++-------
Melee: War axe           |    89 |   129 |    20 ||   238
  Use: Scroll            |     5 |     6 |       ||    11
       Potion            |     1 |       |     2 ||     3
Armor: Scale mail        |    49 |    18 |       ||    67
       Chain mail        |       |    81 |     6 ||    87
Dodge: Dodged            |    59 |    44 |     7 ||   110
Block: Buckler           |    13 |    28 |     5 ||    46

Table legend: (Time is in decaauts)
 A = Elapsed time spent in this place.
 B = Non-inter-level travel time spent in this place.
 C = Inter-level travel time spent in this place.
 D = Time resting spent in this place.
 E = Time spent auto-exploring this place.
 F = Levels seen in this place.
 G = Mean time per level.
                   A        B        C        D        E       F      G
               +--------+--------+--------+--------+--------+-----+--------+
         Total |   3988 |   3924 |     64 |   1211 |   2040 |   4 |  997.0 |
       Dungeon |   3988 |   3924 |     64 |   1211 |   2040 |   4 |  997.0 |
               +--------+--------+--------+--------+--------+-----+--------+

Top non-repeatable levels by time:
     D:3: 1721 daAuts
     D:1: 1048 daAuts
     D:4: 657 daAuts
     D:2: 562 daAuts
